Maple Leafs vs Oilers

Created - March 12, 2025 at 21:17

Goals
1 2 3 T
Maple Leafs 2 1 1 4
Oilers 4 1 4 9
Shots
1 2 3 T
Maple Leafs 20 15 5 40
Oilers 13 8 13 34

1st period

1. Oilers , Leon Draisaitl 23 (Nikita Kucherov 24, Frederik Gauthier 18) at 0:10
2. Oilers , Tyler Johnson 18 (Andrew Mangiapane 8, Jason Robertson 9) at 11:11
3. Oilers , Jamie Benn 13 (David Pastrnak 30, Connor McDavid 38) at 11:57
4. Maple Leafs , Pontus Aberg 9 (Zach Werenski 46, Bo Horvat 32) at 12:15
5. Maple Leafs , Bo Horvat 17 (Zach Werenski 47, John Klingberg 21) at 13:33
6. Oilers , Jamie Benn 14 (David Pastrnak 31, Connor McDavid 39) at 14:50

Penalties :
Nikita Kucherov (Edm) for Roughing (Minor) at 15:14

2nd period

7. Maple Leafs , Brendan Guhle 1 (Evander Kane 34, Andre Burakovsky 31) at 11:28
8. Oilers , Leon Draisaitl 24 (Frederik Gauthier 19, Nikita Kucherov 25) at 11:44

Penalties :
Evander Kane (TOR) for High sticking (Minor) at 1:57, Marcus Pettersson (Edm) for Tripping (Minor) at 4:59, Evander Kane (TOR) for Roughing (Minor) at 13:06, Zach Werenski (TOR) for Charging (Minor) at 19:53

3rd period

9. Oilers , Connor McDavid 20 (David Pastrnak 32, Jamie Benn 23) at 5:25
10. Oilers , Leon Draisaitl 25 (Nikita Kucherov 26, Marco Scandella 11) at 5:37
11. Oilers , Connor McDavid 21 (David Pastrnak 33, Marcus Pettersson 24) at 8:14 (PP)
12. Maple Leafs , William Nylander 14 (Brandon Saad 6, Jon Merrill 21) at 10:32
13. Oilers , Anton Slepyshev 6 (Christian Fischer 7, Jamie McBain 25) at 19:29

Penalties :
Pontus Aberg (TOR) for Holding (Minor) at 6:19, Zach Werenski (TOR) for Roughing (Minor) at 10:49, Brett Lernout (Edm) for Tripping (Minor) at 13:34

Goalie Stats

Kristers Gudlevskis (TOR), 5 saves from 9 shots - (0.556), 14:50 minutes
Carter Hutton (TOR), 20 saves from 25 shots - (0.800), L, 5-9-0, 45:10 minutes
Alexandar Georgiev (Edm), 36 saves from 40 shots - (0.900), W, 23-15-6, 60:00 minutes

Players Stats for Maple Leafs

Player Name              G  A  P  +/- PIM S  H  SB GA TA FO     MP     PP MP  PK MP  
------------------------------------------------------------------------------------
Andre Burakovsky         0  1  1  -1  0   5  0  2  1  1  1/2    17:41   3:20   0:00 
Bo Horvat                1  1  2  -3  0   3  1  0  1  0  9/24   21:00   3:20   5:53 
Brandon Saad             0  1  1   0  0   4  1  1  1  0  1/1    12:05   0:03   2:16 
Brendan Guhle            1  0  1   0  0   2  0  1  1  0  0/0    11:50   0:00   0:55 
Elias Lindholm           0  0  0   0  0   2  2  0  0  0  2/5     8:41   0:00   0:00 
Elias Pettersson         0  0  0  -1  0   2  0  1  0  1  15/28  20:42   2:34   3:09 
Evander Kane             0  1  1  -1  4   3  1  2  1  0  1/1    22:10   3:23   3:47 
Haydn Fleury             0  0  0   0  0   0  0  2  0  1  0/0    12:49   0:00   1:39 
Jason Zucker             0  0  0  -3  0   1  1  0  1  0  1/1    16:27   2:34   2:37 
John Klingberg           0  1  1  -3  0   3  1  2  0  2  0/0    29:40   3:53   6:21 
Jon Merrill              0  1  1  -1  0   1  1  2  0  0  0/0    18:57   2:04   2:49 
Luke Schenn              0  0  0  -1  0   1  1  1  0  1  0/0    20:05   2:04   4:10 
Nicholas Baptiste        0  0  0   0  0   3  1  0  0  0  0/0     8:24   0:03   0:00 
Patrice Cormier          0  0  0   0  0   1  0  0  0  0  1/4     8:21   0:00   0:00 
Pontus Aberg             1  0  1  -3  2   1  0  0  1  0  0/1    11:15   0:00   0:00 
Valentin Zykov           0  0  0   0  0   0  2  0  0  0  0/0     8:21   0:00   0:00 
William Nylander         1  0  1   0  0   3  2  0  0  0  0/0    14:07   2:34   2:00 
Zach Werenski            0  2  2  -3  4   5  0  1  0  0  0/0    27:29   3:53   3:48 

Players Stats for Oilers

Player Name              G  A  P  +/- PIM S  H  SB GA TA FO     MP     PP MP  PK MP  
------------------------------------------------------------------------------------
Andrew Mangiapane        0  1  1   1  0   1  0  0  0  0  0/0    10:08   0:00   0:00 
Anton Slepyshev          1  0  1   0  0   2  0  0  0  0  0/0    10:07   0:00   0:50 
Brandon Montour          0  0  0   4  0   0  1  1  0  2  0/0    21:41   0:00   3:51 
Brent Burns              0  0  0   1  0   1  0  0  0  0  0/0    16:51   3:28   0:48 
Brett Lernout            0  0  0   1  2   0  1  0  0  0  0/0    11:15   0:00   0:00 
Christian Fischer        0  1  1   0  0   0  1  0  0  0  0/1     8:55   0:00   0:00 
Connor McDavid           2  2  4   1  0   4  2  2  1  1  5/11   16:40   4:42   0:58 
David Pastrnak           0  4  4   1  0   2  2  0  0  0  0/1    15:42   4:42   0:00 
Frederik Gauthier        0  2  2   2  0   2  0  0  0  0  20/35  20:44   5:09   1:48 
Jamie Benn               2  1  3   1  0   3  1  1  0  0  0/0    13:38   0:00   1:48 
Jamie McBain             0  1  1  -1  0   1  0  2  0  0  0/0    25:37   6:23   3:36 
Jason Robertson          0  1  1   1  0   2  2  0  0  1  0/1    14:21   4:42   0:00 
Leon Draisaitl           3  0  3   2  0   3  2  1  3  0  1/1    21:54   5:09   3:19 
Marco Scandella          0  1  1   4  0   2  2  1  1  1  0/0    22:52   3:28   2:06 
Marcus Pettersson        0  1  1  -1  2   2  2  1  0  2  0/0    22:21   6:23   1:33 
Nikita Kucherov          0  3  3   2  2   2  0  1  1  0  0/1    18:38   5:09   0:00 
Noel Acciari             0  0  0   0  0   3  0  0  0  0  2/3     8:55   0:00   0:00 
Tyler Johnson            1  0  1   1  0   4  0  0  0  0  8/13   13:41   0:00   3:11 

3 Stars

1 - Leon Draisaitl (Edm)
2 - Connor McDavid (Edm)
3 - Jamie Benn (Edm)

Power Play

Maple Leafs - 0 on 3 Attempt(s) - 0.00%
Oilers - 1 on 5 Attempt(s) - 20.00%

Penalty Kill

Maple Leafs - 4 on 5 Attempt(s) - 80.00% - Score 0 goal in Penalty Kill
Oilers - 3 on 3 Attempt(s) - 100.00% - Score 0 goal in Penalty Kill

Team Stat

Maple Leafs - Hits : 14 - Faceoff Wins : 31 - Blocked Shots : 15 - Penalty Minutes : 10
Oilers - Hits : 16 - Faceoff Wins : 36 - Blocked Shots : 10 - Penalty Minutes : 6

Official

Referees : Jacob Brenk and Kyle Rehman
Linesman : Trent Knorr and Matt MacPherson

Game Notes

Carter Hutton enters game at 14:50 of 1st period
Leon Draisaitl has scored a Hat Trick!

Finance

Level 1 -- Attendance: 5796 (96.60%) -- Ticket Income $579,600
Level 2 -- Attendance: 5000 (100.00%) -- Ticket Income $350,000
Level 3 -- Attendance: 2000 (100.00%) -- Ticket Income $80,000
Level 4 -- Attendance: 4000 (100.00%) -- Ticket Income $120,000
Luxury Box -- Attendance: 1000 (100.00%) -- Ticket Income $200,000
Game was played at the Rodgers Place.
Total Attendance: 17796 (98.87%)
Total Ticket Income: $1,329,600
Other Income: $199,440
Total Income: $1,529,040

Maple Leafs

5 vs 5 Forward 
   Center                   Left Wing                Right Wing               Time % Phy DF OF 
 1 Elias Pettersson         Evander Kane             Andre Burakovsky         40     1   2  2  
 2 Bo Horvat                Jason Zucker             Pontus Aberg             30     1   2  2  
 3 Elias Lindholm           Brandon Saad             William Nylander         20     1   2  2  
 4 Patrice Cormier          Valentin Zykov           Nicholas Baptiste        10     1   2  2  

5 vs 5 Defense 
   Defense                  Defense                                           Time % Phy DF OF 
 1 Zach Werenski            John Klingberg                                    40     1   2  2  
 2 Jon Merrill              Luke Schenn                                       30     1   2  2  
 3 Haydn Fleury             Brendan Guhle                                     20     1   2  2  
 4 Zach Werenski            John Klingberg                                    10     1   2  2  

PowerPlay Forward 
   Center                   Left Wing                Right Wing               Time % Phy DF OF 
 1 Bo Horvat                Evander Kane             Andre Burakovsky         60     1   2  2  
 2 Elias Pettersson         Jason Zucker             William Nylander         40     1   2  2  

PowerPlay Defense
   Defense                  Defense                                           Time % Phy DF OF 
 1 Zach Werenski            John Klingberg                                    60     1   2  2  
 2 Jon Merrill              Luke Schenn                                       40     1   2  2  

Penalty Kill 4 Players Forward 
   Center                   Wing                     Time % Phy DF OF 
 1 Bo Horvat                Evander Kane             60     1   2  2  
 2 Elias Pettersson         Jason Zucker             40     1   2  2  

Penalty Kill 4 Players Defense
   Defense                  Defense                  Time % Phy DF OF 
 1 Zach Werenski            John Klingberg           60     1   2  2  
 2 Jon Merrill              Luke Schenn              40     1   2  2  

Penalty Kill - 3 Players Forward 
   Forward                                           Time % Phy DF OF 
 1 Bo Horvat                                         60     1   2  2  
 2 Elias Pettersson                                  40     1   2  2  

Penalty Kill - 3 Players Defense
   Defense                  Defense                  Time % Phy DF OF 
 1 Zach Werenski            John Klingberg           60     1   2  2  
 2 Jon Merrill              Luke Schenn              40     1   2  2  

4 vs 4 Forward 
   Center                   Wing                     Time % Phy DF OF 
 1 Bo Horvat                Evander Kane             60     1   2  2  
 2 Elias Pettersson         Jason Zucker             40     1   2  2  

4 vs 4 Defense
   Defense                  Defense                  Time % Phy DF OF 
 1 Zach Werenski            John Klingberg           60     1   2  2  
 2 Jon Merrill              Luke Schenn              40     1   2  2  

Last Minutes Offensive
   Center                   Left Wing                Right Wing               Defense                  Defense                  
   Bo Horvat                Evander Kane             Andre Burakovsky         Zach Werenski            John Klingberg           

Last Minutes Defensive
   Center                   Left Wing                Right Wing               Defense                  Defense                  
   Bo Horvat                Evander Kane             Andre Burakovsky         Zach Werenski            John Klingberg           

Goaltenders
Starting : Kristers Gudlevskis      
Backup : Carter Hutton            

Extra Forwards
Normal : William Nylander, Brandon Saad, Elias Pettersson - PP : William Nylander, Brandon Saad - PK : William Nylander
Extra Defensemen
Normal : Luke Schenn, Haydn Fleury, Brendan Guhle - PP : Luke Schenn - PK : Luke Schenn, Haydn Fleury
Penalty Shots
Evander Kane, Bo Horvat, Andre Burakovsky, Jason Zucker, William Nylander
Custom OT Lines Forwards
Evander Kane, Bo Horvat, Andre Burakovsky, Jason Zucker, William Nylander, Brandon Saad, Elias Pettersson, Pontus Aberg, Valentin Zykov, Elias Lindholm
Custom OT Lines Defensemen
Zach Werenski, John Klingberg, Jon Merrill, Luke Schenn, Haydn Fleury

Scratches
None

Oilers

5 vs 5 Forward 
   Center                   Left Wing                Right Wing               Time % Phy DF OF 
 1 Frederik Gauthier        Leon Draisaitl           Nikita Kucherov          35     1   2  2  
 2 Connor McDavid           Jamie Benn               David Pastrnak           30     1   2  2  
 3 Tyler Johnson            Jason Robertson          Andrew Mangiapane        25     1   2  2  
 4 Noel Acciari             Anton Slepyshev          Christian Fischer        10     1   2  2  

5 vs 5 Defense 
   Defense                  Defense                                           Time % Phy DF OF 
 1 Brandon Montour          Marco Scandella                                   40     1   2  2  
 2 Jamie McBain             Marcus Pettersson                                 30     1   2  2  
 3 Brent Burns              Brett Lernout                                     20     1   2  2  
 4 Jamie McBain             Brandon Montour                                   10     1   2  2  

PowerPlay Forward 
   Center                   Left Wing                Right Wing               Time % Phy DF OF 
 1 Frederik Gauthier        Leon Draisaitl           Nikita Kucherov          60     1   2  2  
 2 Connor McDavid           Jason Robertson          David Pastrnak           40     1   2  2  

PowerPlay Defense
   Defense                  Defense                                           Time % Phy DF OF 
 1 Jamie McBain             Marcus Pettersson                                 60     1   2  2  
 2 Marco Scandella          Brent Burns                                       40     1   2  2  

Penalty Kill 4 Players Forward 
   Center                   Wing                     Time % Phy DF OF 
 1 Tyler Johnson            Leon Draisaitl           60     1   4  0  
 2 Frederik Gauthier        Jamie Benn               40     1   4  0  

Penalty Kill 4 Players Defense
   Defense                  Defense                  Time % Phy DF OF 
 1 Jamie McBain             Brandon Montour          60     0   5  0  
 2 Marco Scandella          Marcus Pettersson        40     0   5  0  

Penalty Kill - 3 Players Forward 
   Forward                                           Time % Phy DF OF 
 1 Connor McDavid                                    60     0   5  0  
 2 Tyler Johnson                                     40     0   5  0  

Penalty Kill - 3 Players Defense
   Defense                  Defense                  Time % Phy DF OF 
 1 Jamie McBain             Brandon Montour          60     0   5  0  
 2 Marco Scandella          Marcus Pettersson        40     0   5  0  

4 vs 4 Forward 
   Center                   Wing                     Time % Phy DF OF 
 1 Connor McDavid           Leon Draisaitl           60     1   2  2  
 2 Tyler Johnson            Jamie Benn               40     1   2  2  

4 vs 4 Defense
   Defense                  Defense                  Time % Phy DF OF 
 1 Jamie McBain             Brandon Montour          60     1   2  2  
 2 Marco Scandella          Marcus Pettersson        40     1   2  2  

Last Minutes Offensive
   Center                   Left Wing                Right Wing               Defense                  Defense                  
   Connor McDavid           Leon Draisaitl           Nikita Kucherov          Jamie McBain             Brandon Montour          

Last Minutes Defensive
   Center                   Left Wing                Right Wing               Defense                  Defense                  
   Connor McDavid           Leon Draisaitl           Nikita Kucherov          Jamie McBain             Brandon Montour          

Goaltenders
Starting : Alexandar Georgiev       
Backup : Jaroslav Halak           

Extra Forwards
Normal : Leon Draisaitl, Frederik Gauthier, Jamie Benn - PP : Leon Draisaitl, Frederik Gauthier - PK : Leon Draisaitl
Extra Defensemen
Normal : Marcus Pettersson, Brent Burns, Brett Lernout - PP : Marcus Pettersson - PK : Marcus Pettersson, Brent Burns
Penalty Shots
Connor McDavid, Nikita Kucherov, David Pastrnak, Tyler Johnson, Leon Draisaitl
Custom OT Lines Forwards
Connor McDavid, Nikita Kucherov, David Pastrnak, Tyler Johnson, Leon Draisaitl, Frederik Gauthier, Jamie Benn, Noel Acciari, Anton Slepyshev, Andrew Mangiapane
Custom OT Lines Defensemen
Jamie McBain, Brandon Montour, Marco Scandella, Marcus Pettersson, Brent Burns

Scratches
Philippe Myers (Healthy)

% Time on Ice - Maple Leafs

Lines # - Real PCT - Wanted PCT - Time Play
Normal Forward
1 - 36% - 40% - 15:54
2 - 25% - 30% - 11:16
3 - 20% - 20% - 8:41
4 - 19% - 10% - 8:21
Normal Defense
1 - 41% - 40% - 18:09
2 - 31% - 30% - 13:51
3 - 24% - 20% - 10:31
4 - 4% - 10% - 1:41
PP Forward
1 - 57% - 60% - 3:23
2 - 43% - 40% - 2:34
PP Defense
1 - 65% - 60% - 3:53
2 - 35% - 40% - 2:04
PK Forward
1 - 81% - 60% - 8:00
2 - 19% - 40% - 1:51
PK Defense
1 - 71% - 60% - 7:02
2 - 29% - 40% - 2:49
PK3 Forward
1 - 0% - 60%
2 - 0% - 40%
PK3 Defense
1 - 0% - 60%
2 - 0% - 40%
44 Forward
1 - 0% - 60%
2 - 0% - 40%
44 Defense
1 - 0% - 60%
2 - 0% - 40%
Last Minute Offensive  - 0:00
Last Minute Defensive  - 0:00
Total
Forward - 60:00
Defense - 60:00

% Time on Ice - Oilers

Lines # - Real PCT - Wanted PCT - Time Play
Normal Forward
1 - 31% - 35% - 13:48
2 - 26% - 30% - 11:21
3 - 23% - 25% - 10:08
4 - 20% - 10% - 8:55
Normal Defense
1 - 37% - 40% - 16:08
2 - 32% - 30% - 14:03
3 - 25% - 20% - 10:59
4 - 7% - 10% - 3:02
PP Forward
1 - 52% - 60% - 5:09
2 - 48% - 40% - 4:42
PP Defense
1 - 65% - 60% - 6:23
2 - 35% - 40% - 3:28
PK Forward
1 - 70% - 60% - 4:09
2 - 30% - 40% - 1:48
PK Defense
1 - 65% - 60% - 3:51
2 - 35% - 40% - 2:06
PK3 Forward
1 - 0% - 60%
2 - 0% - 40%
PK3 Defense
1 - 0% - 60%
2 - 0% - 40%
44 Forward
1 - 0% - 60%
2 - 0% - 40%
44 Defense
1 - 0% - 60%
2 - 0% - 40%
Last Minute Offensive  - 0:00
Last Minute Defensive  - 0:00
Total
Forward - 60:00
Defense - 60:00

Play-by-Play

1st period


0:01 of 1st period - Frederik Gauthier wins face-off versus Elias Pettersson in neutral zone.
0:10 of 1st period - Snap shot by Leon Draisaitl.
0:10 of 1st period - Goal by Leon Draisaitl - Maple Leafs : 0 - Oilers : 1.
0:11 of 1st period - Connor McDavid wins face-off versus Bo Horvat in neutral zone.
0:31 of 1st period - Icing by Jason Zucker.
0:32 of 1st period - Tyler Johnson wins face-off versus Pontus Aberg in Maple Leafs zone.
0:54 of 1st period - Snap shot by Bo Horvat.
0:54 of 1st period - Stopped by Alexandar Georgiev with a rebound.
0:56 of 1st period - Slapshot by Jason Zucker.
0:56 of 1st period - Deflect By Bo Horvat.
0:56 of 1st period - Stopped by Alexandar Georgiev without a rebound.
0:57 of 1st period - Elias Pettersson wins face-off versus Frederik Gauthier in Oilers zone.
1:31 of 1st period - Slapshot by William Nylander.
1:31 of 1st period - Stopped by Alexandar Georgiev with a rebound.
2:03 of 1st period - David Pastrnak is hit by Valentin Zykov and loses puck.
2:16 of 1st period - Wrist shot by Andre Burakovsky.
2:16 of 1st period - Stopped by Alexandar Georgiev without a rebound.
2:17 of 1st period - Frederik Gauthier wins face-off versus Elias Pettersson in Oilers zone.
2:26 of 1st period - Wrist shot by Elias Pettersson.
2:26 of 1st period - Shot Misses the Net.
2:28 of 1st period - Slapshot by Luke Schenn.
2:28 of 1st period - Shot Misses the Net.
2:30 of 1st period - Slapshot by Luke Schenn.
2:30 of 1st period - Shot Misses the Net.
2:32 of 1st period - Snap shot by Andre Burakovsky.
2:32 of 1st period - Shot Misses the Net.
2:34 of 1st period - Slapshot by Luke Schenn.
2:34 of 1st period - Shot Misses the Net.
2:50 of 1st period - Slapshot by Jason Robertson.
2:50 of 1st period - Shot Misses the Net.
3:30 of 1st period - John Klingberg is hit by Christian Fischer and loses puck.
3:55 of 1st period - Slapshot by Evander Kane.
3:55 of 1st period - Shot Misses the Net.
4:13 of 1st period - Haydn Fleury is hit by Jason Robertson and loses puck.
4:20 of 1st period - Wrist shot by Jason Robertson.
4:20 of 1st period - Stopped by Kristers Gudlevskis without a rebound.
4:21 of 1st period - Connor McDavid wins face-off versus Bo Horvat in Maple Leafs zone.
4:50 of 1st period - Haydn Fleury is hit by Jason Robertson and loses puck.
5:25 of 1st period - Wrist shot by Nikita Kucherov.
5:25 of 1st period - Deflect By Frederik Gauthier.
5:25 of 1st period - Stopped by Kristers Gudlevskis with a rebound.
5:48 of 1st period - Wrist shot by Nicholas Baptiste.
5:48 of 1st period - Stopped by Alexandar Georgiev without a rebound.
5:49 of 1st period - Evander Kane wins face-off versus Connor McDavid in Oilers zone.
5:56 of 1st period - Snap shot by Connor McDavid.
5:56 of 1st period - Shot Blocked by Andre Burakovsky.
6:23 of 1st period - Snap shot by Jason Zucker.
6:23 of 1st period - Stopped by Alexandar Georgiev with a rebound.
6:25 of 1st period - Slapshot by Brendan Guhle.
6:25 of 1st period - Stopped by Alexandar Georgiev with a rebound.
6:41 of 1st period - Snap shot by Brandon Saad.
6:41 of 1st period - Stopped by Alexandar Georgiev without a rebound.
6:42 of 1st period - Elias Lindholm wins face-off versus Tyler Johnson in Oilers zone.
6:56 of 1st period - Brandon Saad is hit by Marcus Pettersson and loses puck.
7:39 of 1st period - Slapshot by William Nylander.
7:39 of 1st period - Stopped by Alexandar Georgiev without a rebound.
7:40 of 1st period - Frederik Gauthier wins face-off versus Elias Pettersson in Oilers zone.
7:55 of 1st period - Snap shot by Andre Burakovsky.
7:55 of 1st period - Stopped by Alexandar Georgiev with a rebound.
8:09 of 1st period - Bo Horvat is hit by Connor McDavid and loses puck.
8:14 of 1st period - Slapshot by Connor McDavid.
8:14 of 1st period - Shot Blocked by John Klingberg.
8:16 of 1st period - Slapshot by Brandon Montour.
8:16 of 1st period - Shot Misses the Net.
8:38 of 1st period - Snap shot by Nicholas Baptiste.
8:38 of 1st period - Stopped by Alexandar Georgiev without a rebound.
8:39 of 1st period - Elias Pettersson wins face-off versus Frederik Gauthier in Oilers zone.
8:42 of 1st period - Wrist shot by Evander Kane.
8:42 of 1st period - Stopped by Alexandar Georgiev without a rebound.
8:43 of 1st period - Elias Pettersson wins face-off versus Frederik Gauthier in Oilers zone.
9:27 of 1st period - Icing by Brett Lernout.
9:28 of 1st period - Tyler Johnson wins face-off versus Patrice Cormier in Oilers zone.
9:41 of 1st period - Slapshot by Jason Robertson.
9:41 of 1st period - Deflect By Andrew Mangiapane.
9:41 of 1st period - Stopped by Kristers Gudlevskis with a rebound.
10:50 of 1st period - Slapshot by Marco Scandella.
10:50 of 1st period - Stopped by Kristers Gudlevskis with a rebound.
10:56 of 1st period - Anton Slepyshev is hit by Bo Horvat and loses puck.
11:11 of 1st period - Wrist shot by Tyler Johnson.
11:11 of 1st period - Goal by Tyler Johnson - Maple Leafs : 0 - Oilers : 2.
11:12 of 1st period - Elias Pettersson wins face-off versus Frederik Gauthier in neutral zone.
11:20 of 1st period - Wrist shot by Leon Draisaitl.
11:20 of 1st period - Deflect By Frederik Gauthier.
11:20 of 1st period - Shot Misses the Net.
11:20 of 1st period - Puck is out of play.
11:21 of 1st period - Elias Pettersson wins face-off versus Frederik Gauthier in Maple Leafs zone.
11:43 of 1st period - Wrist shot by Andre Burakovsky.
11:43 of 1st period - Stopped by Alexandar Georgiev without a rebound.
11:44 of 1st period - Connor McDavid wins face-off versus Bo Horvat in Oilers zone.
11:53 of 1st period - Snap shot by Connor McDavid.
11:53 of 1st period - Shot Misses the Net.
11:57 of 1st period - Snap shot by David Pastrnak.
11:57 of 1st period - Deflect By Jamie Benn.
11:57 of 1st period - Goal by Jamie Benn - Maple Leafs : 0 - Oilers : 3.
11:58 of 1st period - Elias Pettersson wins face-off versus Connor McDavid in neutral zone.
12:01 of 1st period - Backhand shot by Evander Kane.
12:01 of 1st period - Shot Blocked by Jamie McBain.
12:07 of 1st period - Snap shot by Elias Pettersson.
12:07 of 1st period - Stopped by Alexandar Georgiev with a rebound.
12:09 of 1st period - Snap shot by Zach Werenski.
12:09 of 1st period - Shot Blocked by Connor McDavid.
12:11 of 1st period - Slapshot by Zach Werenski.
12:11 of 1st period - Stopped by Alexandar Georgiev with a rebound.
12:13 of 1st period - Slapshot by Zach Werenski.
12:13 of 1st period - Stopped by Alexandar Georgiev without a rebound.
12:14 of 1st period - Bo Horvat wins face-off versus Frederik Gauthier in Oilers zone.
12:15 of 1st period - Slapshot by Zach Werenski.
12:15 of 1st period - Deflect By Pontus Aberg.
12:15 of 1st period - Goal by Pontus Aberg - Maple Leafs : 1 - Oilers : 3.
12:16 of 1st period - Frederik Gauthier wins face-off versus Andre Burakovsky in neutral zone.
12:27 of 1st period - Wrist shot by Elias Pettersson.
12:27 of 1st period - Shot Blocked by Nikita Kucherov.
12:33 of 1st period - Wrist shot by Evander Kane.
12:33 of 1st period - Stopped by Alexandar Georgiev without a rebound.
12:34 of 1st period - Connor McDavid wins face-off versus Bo Horvat in Oilers zone.
13:33 of 1st period - Snap shot by Bo Horvat.
13:33 of 1st period - Goal by Bo Horvat - Maple Leafs : 2 - Oilers : 3.
13:34 of 1st period - Frederik Gauthier wins face-off versus Elias Pettersson in neutral zone.
14:00 of 1st period - Brandon Montour is hit by Elias Lindholm and loses puck.
14:29 of 1st period - John Klingberg is hit by Marco Scandella and loses puck.
14:48 of 1st period - Wrist shot by David Pastrnak.
14:48 of 1st period - Stopped by Kristers Gudlevskis with a rebound.
14:50 of 1st period - Wrist shot by Jamie Benn.
14:50 of 1st period - Goal by Jamie Benn - Maple Leafs : 2 - Oilers : 4.
14:50 of 1st period - Carter Hutton enters game.
14:51 of 1st period - Elias Pettersson wins face-off versus Frederik Gauthier in neutral zone.
15:04 of 1st period - Wrist shot by Andre Burakovsky.
15:04 of 1st period - Shot Blocked by Leon Draisaitl.
15:14 of 1st period - Minor Penalty to Nikita Kucherov for Roughing.
15:15 of 1st period - Tyler Johnson wins face-off versus Bo Horvat in Oilers zone.
15:28 of 1st period - Slapshot by Zach Werenski.
15:28 of 1st period - Deflect By Brandon Montour.
15:28 of 1st period - Stopped by Alexandar Georgiev without a rebound.
15:29 of 1st period - Tyler Johnson wins face-off versus Bo Horvat in Oilers zone.
15:42 of 1st period - Snap shot by Zach Werenski.
15:42 of 1st period - Shot Blocked by Brandon Montour.
15:56 of 1st period - Tyler Johnson is hit by William Nylander and loses puck.
16:31 of 1st period - Wrist shot by Frederik Gauthier.
16:31 of 1st period - Shot Misses the Net.
16:59 of 1st period - Marcus Pettersson is hit by John Klingberg.
17:14 of 1st period - Penalty to Nikita Kucherov is over, Nikita Kucherov is back on ice.
18:27 of 1st period - Wrist shot by Nicholas Baptiste.
18:27 of 1st period - Shot Misses the Net.
18:37 of 1st period - Snap shot by Christian Fischer.
18:37 of 1st period - Shot Misses the Net.
18:53 of 1st period - Slapshot by Anton Slepyshev.
18:53 of 1st period - Stopped by Carter Hutton with a rebound.
19:09 of 1st period - Backhand shot by Tyler Johnson.
19:09 of 1st period - Stopped by Carter Hutton with a rebound.
19:11 of 1st period - Snap shot by Marco Scandella.
19:11 of 1st period - Stopped by Carter Hutton with a rebound.
19:15 of 1st period - Snap shot by Tyler Johnson.
19:15 of 1st period - Stopped by Carter Hutton with a rebound.
19:24 of 1st period - Off-side.
19:25 of 1st period - Frederik Gauthier wins face-off versus Patrice Cormier in neutral zone.
19:30 of 1st period - Nikita Kucherov is hit by Nicholas Baptiste and loses puck.
Goals for this period are 2 for Maple Leafs vs 4 for Oilers.
Shots for this period are 20 for Maple Leafs vs 13 for Oilers.

2nd period


0:01 of 2nd period - Elias Pettersson wins face-off versus Tyler Johnson in neutral zone.
0:13 of 2nd period - Off-side.
0:14 of 2nd period - Frederik Gauthier wins face-off versus Elias Pettersson in neutral zone.
0:25 of 2nd period - Snap shot by Nikita Kucherov.
0:25 of 2nd period - Deflect By Leon Draisaitl.
0:25 of 2nd period - Shot Blocked by Andre Burakovsky.
0:25 of 2nd period - Puck is out of play.
0:26 of 2nd period - Elias Pettersson wins face-off versus Connor McDavid in Maple Leafs zone.
0:35 of 2nd period - Snap shot by Connor McDavid.
0:35 of 2nd period - Stopped by Carter Hutton with a rebound.
0:37 of 2nd period - Wrist shot by Jamie Benn.
0:37 of 2nd period - Stopped by Carter Hutton with a rebound.
0:39 of 2nd period - Snap shot by David Pastrnak.
0:39 of 2nd period - Shot Blocked by Evander Kane.
0:58 of 2nd period - Pontus Aberg is hit by Leon Draisaitl and loses puck.
1:48 of 2nd period - Slapshot by Tyler Johnson.
1:48 of 2nd period - Stopped by Carter Hutton without a rebound.
1:49 of 2nd period - Frederik Gauthier wins face-off versus Elias Pettersson in Maple Leafs zone.
1:57 of 2nd period - Minor Penalty to Evander Kane for High sticking.
1:58 of 2nd period - Frederik Gauthier wins face-off versus Bo Horvat in Maple Leafs zone.
3:57 of 2nd period - Penalty to Evander Kane is over, Evander Kane is back on ice.
4:23 of 2nd period - Slapshot by Evander Kane.
4:23 of 2nd period - Shot Blocked by Marco Scandella.
4:35 of 2nd period - Snap shot by Elias Pettersson.
4:35 of 2nd period - Stopped by Alexandar Georgiev with a rebound.
4:37 of 2nd period - Wrist shot by Brandon Saad.
4:37 of 2nd period - Stopped by Alexandar Georgiev without a rebound.
4:38 of 2nd period - Tyler Johnson wins face-off versus Patrice Cormier in Oilers zone.
4:59 of 2nd period - Minor Penalty to Marcus Pettersson for Tripping.
5:00 of 2nd period - Bo Horvat wins face-off versus Tyler Johnson in Oilers zone.
5:01 of 2nd period - Snap shot by Andre Burakovsky.
5:01 of 2nd period - Shot Misses the Net.
5:03 of 2nd period - Slapshot by Zach Werenski.
5:03 of 2nd period - Deflect By Tyler Johnson.
5:03 of 2nd period - Stopped by Alexandar Georgiev without a rebound.
5:04 of 2nd period - Bo Horvat wins face-off versus Tyler Johnson in Oilers zone.
5:11 of 2nd period - Snap shot by Evander Kane.
5:11 of 2nd period - Shot Misses the Net.
5:13 of 2nd period - Snap shot by Evander Kane.
5:13 of 2nd period - Stopped by Alexandar Georgiev with a rebound.
5:15 of 2nd period - Slapshot by John Klingberg.
5:15 of 2nd period - Stopped by Alexandar Georgiev without a rebound.
5:16 of 2nd period - Tyler Johnson wins face-off versus Bo Horvat in Oilers zone.
6:59 of 2nd period - Penalty to Marcus Pettersson is over, Marcus Pettersson is back on ice.
7:55 of 2nd period - Snap shot by Brandon Saad.
7:55 of 2nd period - Stopped by Alexandar Georgiev without a rebound.
7:56 of 2nd period - Brandon Saad wins face-off versus Nikita Kucherov in Oilers zone.
8:01 of 2nd period - Slapshot by William Nylander.
8:01 of 2nd period - Shot Blocked by Marcus Pettersson.
8:42 of 2nd period - Snap shot by Marcus Pettersson.
8:42 of 2nd period - Stopped by Carter Hutton without a rebound.
8:43 of 2nd period - Tyler Johnson wins face-off versus Bo Horvat in Maple Leafs zone.
8:44 of 2nd period - Wrist shot by Jason Robertson.
8:44 of 2nd period - Stopped by Carter Hutton with a rebound.
9:04 of 2nd period - Slapshot by Zach Werenski.
9:04 of 2nd period - Stopped by Alexandar Georgiev without a rebound.
9:05 of 2nd period - Andre Burakovsky wins face-off versus Frederik Gauthier in Oilers zone.
9:18 of 2nd period - Snap shot by Leon Draisaitl.
9:18 of 2nd period - Deflect By Elias Pettersson.
9:18 of 2nd period - Shot Misses the Net.
9:18 of 2nd period - Puck is out of play.
9:19 of 2nd period - Elias Pettersson wins face-off versus Connor McDavid in Maple Leafs zone.
10:10 of 2nd period - Slapshot by Elias Lindholm.
10:10 of 2nd period - Stopped by Alexandar Georgiev with a rebound.
10:50 of 2nd period - Slapshot by John Klingberg.
10:50 of 2nd period - Deflect By Evander Kane.
10:50 of 2nd period - Shot Blocked by Connor McDavid.
10:50 of 2nd period - Puck is out of play.
10:51 of 2nd period - Connor McDavid wins face-off versus Elias Pettersson in Oilers zone.
11:04 of 2nd period - Wrist shot by David Pastrnak.
11:04 of 2nd period - Shot Misses the Net.
11:22 of 2nd period - Wrist shot by Andre Burakovsky.
11:22 of 2nd period - Stopped by Alexandar Georgiev with a rebound.
11:26 of 2nd period - Slapshot by Evander Kane.
11:26 of 2nd period - Shot Blocked by Jamie Benn.
11:28 of 2nd period - Slapshot by Brendan Guhle.
11:28 of 2nd period - Goal by Brendan Guhle - Maple Leafs : 3 - Oilers : 4.
11:29 of 2nd period - Jason Zucker wins face-off versus Frederik Gauthier in neutral zone.
11:42 of 2nd period - Slapshot by Frederik Gauthier.
11:42 of 2nd period - Shot Misses the Net.
11:44 of 2nd period - Wrist shot by Leon Draisaitl.
11:44 of 2nd period - Goal by Leon Draisaitl - Maple Leafs : 3 - Oilers : 5.
11:45 of 2nd period - Frederik Gauthier wins face-off versus Elias Pettersson in neutral zone.
12:18 of 2nd period - Snap shot by Jason Zucker.
12:18 of 2nd period - Shot Misses the Net.
12:20 of 2nd period - Slapshot by John Klingberg.
12:20 of 2nd period - Stopped by Alexandar Georgiev without a rebound.
12:21 of 2nd period - Elias Pettersson wins face-off versus Tyler Johnson in Oilers zone.
12:30 of 2nd period - Snap shot by Andre Burakovsky.
12:30 of 2nd period - Stopped by Alexandar Georgiev with a rebound.
12:42 of 2nd period - Jason Robertson is hit by Evander Kane and loses puck.
12:49 of 2nd period - Wrist shot by Tyler Johnson.
12:49 of 2nd period - Shot Misses the Net.
12:51 of 2nd period - Slapshot by Brett Lernout.
12:51 of 2nd period - Shot Blocked by Brendan Guhle.
12:53 of 2nd period - Backhand shot by Brent Burns.
12:53 of 2nd period - Stopped by Carter Hutton with a rebound.
12:55 of 2nd period - Slapshot by Andrew Mangiapane.
12:55 of 2nd period - Shot Blocked by Haydn Fleury.
12:57 of 2nd period - Wrist shot by Jason Robertson.
12:57 of 2nd period - Shot Blocked by Haydn Fleury.
13:06 of 2nd period - Minor Penalty to Evander Kane for Roughing.
13:07 of 2nd period - Bo Horvat wins face-off versus Frederik Gauthier in Maple Leafs zone.
13:40 of 2nd period - Snap shot by Nikita Kucherov.
13:40 of 2nd period - Shot Blocked by Brandon Saad.
13:44 of 2nd period - Snap shot by Leon Draisaitl.
13:44 of 2nd period - Shot Misses the Net.
13:46 of 2nd period - Wrist shot by Frederik Gauthier.
13:46 of 2nd period - Deflect By Nikita Kucherov.
13:46 of 2nd period - Shot Misses the Net.
13:46 of 2nd period - Puck is out of play.
13:47 of 2nd period - Bo Horvat wins face-off versus Connor McDavid in Maple Leafs zone.
15:06 of 2nd period - Penalty to Evander Kane is over, Evander Kane is back on ice.
15:51 of 2nd period - Brandon Montour is hit by Brandon Saad and loses puck.
16:11 of 2nd period - Icing by Haydn Fleury.
16:12 of 2nd period - Noel Acciari wins face-off versus Elias Lindholm in Maple Leafs zone.
16:29 of 2nd period - Slapshot by Elias Lindholm.
16:29 of 2nd period - Stopped by Alexandar Georgiev with a rebound.
16:33 of 2nd period - Slapshot by Brandon Saad.
16:33 of 2nd period - Stopped by Alexandar Georgiev without a rebound.
16:34 of 2nd period - Frederik Gauthier wins face-off versus Elias Pettersson in Oilers zone.
16:49 of 2nd period - Backhand shot by Andre Burakovsky.
16:49 of 2nd period - Shot Misses the Net.
17:01 of 2nd period - Pontus Aberg is hit by David Pastrnak and loses puck.
17:24 of 2nd period - Snap shot by Nicholas Baptiste.
17:24 of 2nd period - Stopped by Alexandar Georgiev with a rebound.
17:51 of 2nd period - Off-side.
17:52 of 2nd period - Frederik Gauthier wins face-off versus Elias Lindholm in neutral zone.
18:19 of 2nd period - Elias Pettersson is hit by Jamie Benn and loses puck.
18:26 of 2nd period - Wrist shot by Connor McDavid.
18:26 of 2nd period - Stopped by Carter Hutton with a rebound.
18:28 of 2nd period - Snap shot by Marcus Pettersson.
18:28 of 2nd period - Shot Blocked by Luke Schenn.
18:30 of 2nd period - Slapshot by Jamie McBain.
18:30 of 2nd period - Shot Misses the Net.
19:09 of 2nd period - Slapshot by Brent Burns.
19:09 of 2nd period - Deflect By Christian Fischer.
19:09 of 2nd period - Shot Misses the Net.
19:09 of 2nd period - Puck is out of play.
19:10 of 2nd period - Elias Pettersson wins face-off versus Frederik Gauthier in Maple Leafs zone.
19:53 of 2nd period - Minor Penalty to Zach Werenski for Charging.
19:54 of 2nd period - Frederik Gauthier wins face-off versus Bo Horvat in Maple Leafs zone.
Goals for this period are 1 for Maple Leafs vs 1 for Oilers.
Shots for this period are 15 for Maple Leafs vs 8 for Oilers.

3rd period


0:01 of 3rd period - Frederik Gauthier wins face-off versus Bo Horvat in neutral zone.
0:03 of 3rd period - Off-side.
0:04 of 3rd period - Leon Draisaitl wins face-off versus Bo Horvat in neutral zone.
0:07 of 3rd period - Slapshot by Marcus Pettersson.
0:07 of 3rd period - Stopped by Carter Hutton with a rebound.
0:09 of 3rd period - Slapshot by Jamie McBain.
0:09 of 3rd period - Stopped by Carter Hutton without a rebound.
0:10 of 3rd period - Frederik Gauthier wins face-off versus Bo Horvat in Maple Leafs zone.
0:15 of 3rd period - Slapshot by Nikita Kucherov.
0:15 of 3rd period - Shot Misses the Net.
0:17 of 3rd period - Snap shot by Frederik Gauthier.
0:17 of 3rd period - Stopped by Carter Hutton with a rebound.
0:19 of 3rd period - Snap shot by Nikita Kucherov.
0:19 of 3rd period - Shot Blocked by Evander Kane.
0:59 of 3rd period - Snap shot by Nikita Kucherov.
0:59 of 3rd period - Stopped by Carter Hutton without a rebound.
1:00 of 3rd period - Bo Horvat wins face-off versus David Pastrnak in Maple Leafs zone.
1:39 of 3rd period - Elias Pettersson is hit by Marco Scandella and loses puck.
1:53 of 3rd period - Penalty to Zach Werenski is over, Zach Werenski is back on ice.
2:24 of 3rd period - Tyler Johnson is hit by Jon Merrill and loses puck.
3:04 of 3rd period - Wrist shot by Noel Acciari.
3:04 of 3rd period - Stopped by Carter Hutton without a rebound.
3:05 of 3rd period - Noel Acciari wins face-off versus Elias Pettersson in Maple Leafs zone.
3:16 of 3rd period - Snap shot by Noel Acciari.
3:16 of 3rd period - Shot Misses the Net.
3:18 of 3rd period - Wrist shot by Brent Burns.
3:18 of 3rd period - Deflect By Noel Acciari.
3:18 of 3rd period - Stopped by Carter Hutton with a rebound.
3:20 of 3rd period - Snap shot by Noel Acciari.
3:20 of 3rd period - Shot Misses the Net.
3:30 of 3rd period - Frederik Gauthier is hit by Valentin Zykov and loses puck.
3:53 of 3rd period - Connor McDavid is hit by Jason Zucker and loses puck.
4:16 of 3rd period - Slapshot by Jon Merrill.
4:16 of 3rd period - Stopped by Alexandar Georgiev with a rebound.
4:18 of 3rd period - Slapshot by Luke Schenn.
4:18 of 3rd period - Stopped by Alexandar Georgiev with a rebound.
5:25 of 3rd period - Wrist shot by Connor McDavid.
5:25 of 3rd period - Goal by Connor McDavid - Maple Leafs : 3 - Oilers : 6.
5:26 of 3rd period - Frederik Gauthier wins face-off versus Elias Pettersson in neutral zone.
5:35 of 3rd period - Slapshot by Nikita Kucherov.
5:35 of 3rd period - Stopped by Carter Hutton with a rebound.
5:37 of 3rd period - Slapshot by Leon Draisaitl.
5:37 of 3rd period - Goal by Leon Draisaitl - Maple Leafs : 3 - Oilers : 7.
5:38 of 3rd period - Frederik Gauthier wins face-off versus Elias Pettersson in neutral zone.
6:02 of 3rd period - Icing by John Klingberg.
6:03 of 3rd period - Elias Pettersson wins face-off versus Connor McDavid in Maple Leafs zone.
6:19 of 3rd period - Minor Penalty to Pontus Aberg for Holding.
6:20 of 3rd period - Frederik Gauthier wins face-off versus Bo Horvat in Maple Leafs zone.
6:26 of 3rd period - Backhand shot by Nikita Kucherov.
6:26 of 3rd period - Deflect By Frederik Gauthier.
6:26 of 3rd period - Shot Blocked by John Klingberg.
6:26 of 3rd period - Puck is out of play.
6:27 of 3rd period - Bo Horvat wins face-off versus Frederik Gauthier in Maple Leafs zone.
6:27 of 3rd period - Bo Horvat is hit by Leon Draisaitl.
6:53 of 3rd period - John Klingberg is hit by David Pastrnak and loses puck.
8:02 of 3rd period - Wrist shot by David Pastrnak.
8:02 of 3rd period - Stopped by Carter Hutton with a rebound.
8:06 of 3rd period - Wrist shot by David Pastrnak.
8:06 of 3rd period - Shot Blocked by Jon Merrill.
8:12 of 3rd period - Wrist shot by Connor McDavid.
8:12 of 3rd period - Shot Blocked by Jon Merrill.
8:14 of 3rd period - Snap shot by Connor McDavid.
8:14 of 3rd period - Goal by Connor McDavid - Maple Leafs : 3 - Oilers : 8.
8:15 of 3rd period - Frederik Gauthier wins face-off versus Elias Lindholm in neutral zone.
8:27 of 3rd period - Brandon Montour is hit by Luke Schenn and loses puck.
9:21 of 3rd period - Icing by Jason Zucker.
9:22 of 3rd period - Bo Horvat wins face-off versus Jason Robertson in Maple Leafs zone.
10:20 of 3rd period - Off-side.
10:21 of 3rd period - Elias Lindholm wins face-off versus Christian Fischer in neutral zone.
10:32 of 3rd period - Snap shot by William Nylander.
10:32 of 3rd period - Goal by William Nylander - Maple Leafs : 4 - Oilers : 8.
10:33 of 3rd period - Elias Pettersson wins face-off versus Frederik Gauthier in neutral zone.
10:36 of 3rd period - Slapshot by John Klingberg.
10:36 of 3rd period - Stopped by Alexandar Georgiev without a rebound.
10:37 of 3rd period - Elias Pettersson wins face-off versus Frederik Gauthier in Oilers zone.
10:44 of 3rd period - Snap shot by Evander Kane.
10:44 of 3rd period - Shot Misses the Net.
10:49 of 3rd period - Minor Penalty to Zach Werenski for Roughing.
10:50 of 3rd period - Bo Horvat wins face-off versus Frederik Gauthier in Maple Leafs zone.
11:24 of 3rd period - Wrist shot by Connor McDavid.
11:24 of 3rd period - Shot Blocked by Elias Pettersson.
12:49 of 3rd period - Penalty to Zach Werenski is over, Zach Werenski is back on ice.
13:00 of 3rd period - Wrist shot by Christian Fischer.
13:00 of 3rd period - Shot Misses the Net.
13:34 of 3rd period - Minor Penalty to Brett Lernout for Tripping.
13:35 of 3rd period - Tyler Johnson wins face-off versus Bo Horvat in Oilers zone.
13:52 of 3rd period - Slapshot by Zach Werenski.
13:52 of 3rd period - Shot Blocked by Jamie McBain.
15:34 of 3rd period - Penalty to Brett Lernout is over, Brett Lernout is back on ice.
15:48 of 3rd period - Snap shot by Valentin Zykov.
15:48 of 3rd period - Shot Misses the Net.
15:50 of 3rd period - Wrist shot by Patrice Cormier.
15:50 of 3rd period - Stopped by Alexandar Georgiev without a rebound.
15:51 of 3rd period - Patrice Cormier wins face-off versus Noel Acciari in Oilers zone.
16:00 of 3rd period - Slapshot by Noel Acciari.
16:00 of 3rd period - Stopped by Carter Hutton with a rebound.
16:18 of 3rd period - Andrew Mangiapane is hit by William Nylander.
17:39 of 3rd period - Patrice Cormier is hit by Brandon Montour and loses puck.
18:06 of 3rd period - Luke Schenn is hit by Brett Lernout and loses puck.
18:23 of 3rd period - Andre Burakovsky is hit by Connor McDavid and loses puck.
18:44 of 3rd period - Jason Robertson is hit by Elias Lindholm and loses puck.
19:15 of 3rd period - Wrist shot by Leon Draisaitl.
19:15 of 3rd period - Shot Misses the Net.
19:29 of 3rd period - Wrist shot by Christian Fischer.
19:29 of 3rd period - Deflect By Anton Slepyshev.
19:29 of 3rd period - Goal by Anton Slepyshev - Maple Leafs : 4 - Oilers : 9.
19:30 of 3rd period - Frederik Gauthier wins face-off versus Elias Pettersson in neutral zone.
19:43 of 3rd period - Wrist shot by Leon Draisaitl.
19:43 of 3rd period - Shot Blocked by Zach Werenski.
19:57 of 3rd period - Bo Horvat is hit by Marcus Pettersson and loses puck.
Goals for this period are 1 for Maple Leafs vs 4 for Oilers.
Shots for this period are 5 for Maple Leafs vs 13 for Oilers. Output by the SimonT Hockey Simulator (STHS) for Francois Prevost - Original Page W3C HTML5 Valid
Hockey Simulator - Hockey Simulation - Hockey Manager